 Dungeon Crawl Stone Soup version 0.16.2-12-gd0ad4c3 (webtiles) character file.

80800 Charly the Severer (level 14, -2/125 (127) HPs)
             Began as a Deep Dwarf Gladiator on Aug 1, 2016.
             Was the Champion of Makhleb.
             Slain by a stone giant simulacrum (41 damage)
             ... on level 3 of the Vaults.
             The game lasted 02:32:27 (5382 turns).

Charly the Severer (Deep Dwarf Gladiator)           Turns: 5382, Time: 02:32:27

HP:   -2/125 (127)  AC: 31    Str: 23    XL:     14   Next: 84%
MP:   9/9           EV:  7    Int:  9    God:    Makhleb [******]
Gold: 311           SH:  0    Dex: 15    Spells: 3 memorised, 6 levels left

rFire  . . .     SeeInvis .     b - +3 executioner's axe (flame)
rCold  . . .     Clarity  .     q - +2 crystal plate armour
rNeg   + . .     SustAb   .     (no shield)
rPois  .         Gourm    .     j - +0 helmet
rElec  .         Spirit   .     (no cloak)
rCorr  .         Warding  .     (no gloves)
rMut   .         Stasis   .     (no boots)
MR     ++...                    R - amulet of rage
Stlth  ..........               g - +5 ring of protection
                                m - +3 ring of strength

@: marked, very slightly contaminated, non-regenerating, very resistant to
hostile enchantments, extremely unstealthy
A: damage resistance, recharge devices, hooves 1, high mp 1, negative energy
resistance 1, sense surroundings 2, slow healing 3, weak 1, placid magic 1
a: Device Recharging, Minor Destruction, Lesser Servant of Makhleb, Major
Destruction, Greater Servant of Makhleb, Renounce Religion, Evoke Berserk Rage
}: 1/15 runes: barnacled


You were on level 3 of the Vaults.
You worshipped Makhleb.
Makhleb was exalted by your worship.
You were full.

You visited 5 branches of the dungeon, and saw 34 of its levels.
You also visited: Bailey and Ice Cave.

You collected 1182 gold pieces.
You spent 825 gold pieces at shops.

Inventory:

Hand weapons
 a - a +3 battleaxe of freezing
 b - a +3 executioner's axe of flaming (weapon)
Missiles
 k - a throwing net (quivered)
Armour
 j - a +0 helmet (worn)
 q - a +2 crystal plate armour (worn)
 r - the +2 shield of Resistance {rF+ rC+ MR+}
   (You took it off an orc in a bailey)

   It protects you from fire.
   It protects you from cold.
   It affects your resistance to hostile enchantments.
 v - a +3 plate armour of cold resistance
Rods
 w - a +0 iron rod (11/11)
   (You found it in an ice cave)
Jewellery
 c - an uncursed ring of protection from cold
 g - a +5 ring of protection (right hand)
 i - an uncursed ring of see invisible
 m - a +3 ring of strength (left hand)
 D - an uncursed ring of wizardry
 R - an amulet of rage (around neck)
Magical devices
 d - a wand of confusion (30)
 e - a wand of cold (0)
 h - a wand of heal wounds (3)
 p - a wand of flame (17)
 t - a wand of slowing (21)
 x - a wand of digging (0)
 H - a wand of hasting (1)
 I - a wand of paralysis (0)
Scrolls
 y - 5 scrolls of remove curse
 M - a scroll of vulnerability
Potions
 n - 2 potions of berserk rage
 o - a potion of brilliance {unknown}
 E - a potion of resistance {unknown}
 F - a potion of cure mutation {unknown}
 J - 2 potions of magic
Books
 B - a book of Battle

   Spells                             Type                      Level
   a - Infusion                       Charms                       1
   b - Shroud of Golubria             Charms/Translocation         2
   c - Song of Slaying                Charms                       2
   d - Spectral Weapon                Hexes/Charms                 3
   e - Regeneration                   Charms/Necromancy            3
Miscellaneous
 f - an ornate deck of changes {Fortitude, drawn: 1}
 A - a box of beasts {used: 1}
Comestibles
 s - 2 meat rations
 C - 8 bread rations


   Skills:
 + Level 8.3 Fighting
 + Level 20.4 Axes
 - Level 1.7 Throwing
 + Level 13.6 Armour
 + Level 5.8 Dodging
 - Level 3.9 Invocations
 - Level 7.9 Evocations


You had 6 spell levels left.
You knew the following spells:

 Your Spells              Type           Power        Failure   Level  Hunger
a - Apportation           Tloc           #.........   100%        1    ##.....
b - Blink                 Tloc           N/A          100%        2    ###....
P - Passage of Golubria   Tloc           N/A          100%        4    #####..


Dungeon Overview and Level Annotations

Branches:
Dungeon (15/15)              Lair (8/8) D:10         Shoals (5/5) Lair:5
    Orc (3/4) D:9          Vaults (3/5) D:14
 Temple: D:4-7        Snake: Lair:3-6    Spider: Lair:3-6     Slime: Lair:6-8
    Elf: Orc:3-4      Crypt: Vaults:2-3  Depths: D:15

Altars:
Cheibriados
Elyvilon
Fedhas
Gozag
Makhleb

Shops:
D:3 *   D:9 [   D:14 =

Annotations:
D:7 1 exclusion
D:10 exclusion: obsidian statue
Shoals:5 Ilsuiw
Vaults:2 Sapher's ghost, powerful DDGl
Vaults:3 Nikola


Innate Abilities, Weirdness & Mutations

You are resistant to damage.
You can recharge devices by infusing magical energy.
You resist negative energy.
You passively map the area around you.
You do not heal naturally.
You have large cloven feet.
You have an increased reservoir of magic (+10% MP).
You are weak. (Str -2)
Your spells are a little easier to cast, but a little less powerful.


Message History

Zapping:
I - a wand of paralysis (1)
Press: ? - help, Shift-Dir - straight line, f - stone giant simulacrum
Aim: a stone giant simulacrum (unusually strong, chance 76%)
The stone giant simulacrum resists with significant effort.
This wand has 0 charges left.
Nikola casts a spell at you. The bolt of lightning hits you!
Read which item? (? for menu, Esc to quit)
As you read the scroll of fear, it crumbles to dust.
You assume a fearsome visage.
The stone giant simulacrum is unaffected.
Nikola resists with almost no effort.
The ironbrand convoker looks frightened!
Nikola mumbles some strange words.
Nikola blinks!
The ironbrand convoker pleads, "Please don't kill me!"
Nikola gestures wildly while chanting.
Nikola blinks!
The stone giant simulacrum hits you!!
The stone giant simulacrum freezes you!!!
You die...

#....# #/# * *
##@.## ##
##'##### *
*#......# ,
#......# , ,
#(....[# ,, ,
#....(§#########
* ,
#..§.<.@.#.p...#,
, , ,
#......#@..##....
* ,
+......#.Z....#
*, ,, ,
########..#.....#
, ,,,, ####*####
* * , * , ,* ** *


You could see Nikola, an ironbrand convoker (fleeing) and a stone giant
simulacrum.

Vanquished Creatures
  A sphinx (Vaults:3)
  A fire giant (Vaults:3)
  Donald (Shoals:1)
  A vault warden (Vaults:3)
  2 frost giants
  5 ironheart preservers (Vaults:3)
  A deep elf demonologist (Vaults:3)
  4 merfolk impalers
  A yaktaur captain (Vaults:3)
  A fire dragon (D:11)
  A vault guard (Vaults:3)
  A great orb of eyes (Vaults:3)
  2 hydras (Lair:5)
  2 ogre magi
  2 centaur warriors
  A merfolk aquamancer (Shoals:5)
  2 tengu warriors (D:14)
  A fire crab (shapeshifter) (D:11)
  A skeletal warrior (D:9)
  5 sea snakes
  An unseen horror (D:11)
  Pikel (D:7)
  4 griffons
  4 ironbrand convokers (Vaults:3)
  5 harpies
  A wizard (D:9)
  A faun (Shoals:2)
  2 manticores (Shoals:1)
  2 cyclopes
  A wolf spider (Vaults:2)
  3 orc knights
  2 water nymphs
  A vault sentinel (Vaults:3)
  2 molten gargoyles (Lair:6)
  A siren (Shoals:5)
  An elephant (D:10)
  A spiny frog (Lair:5)
  A komodo dragon (Lair:5)
  2 freezing wraiths
  3 two-headed ogres
  6 yaktaurs
  A deep elf priest (Vaults:3)
  13 polar bears (IceCv)
  A fire drake (Lair:6)
  9 merfolk
  A wind drake (Shoals:1)
  2 boulder beetles (Vaults:3)
  A raven (D:14)
  A troll (D:9)
  4 blink frogs (Lair:5)
  A basilisk (Lair:1)
  5 snapping turtles
  A centaur simulacrum (D:15)
  A water elemental (D:12)
  2 wyverns (D:14)
  18 yaks
  2 deep elf magi (Vaults:3)
  2 wraiths
  2 hungry ghosts
  A hippogriff (Lair:2)
  A mottled dragon (Vaults:1)
  2 wargs (Orc:3)
  7 porcupines
  8 wolves (IceCv)
  2 water moccasins
  8 orc warriors
  A swamp drake (Lair:6)
  A necrophage (D:9)
  4 sky beasts
  A black bear (D:10)
  A phantom (D:9)
  An eye of draining (D:9)
  9 ogres
  2 ice beasts
  A slave (D:7)
  4 centaurs
  2 crocodiles
  Duvessa (Orc:1)
  A brain worm (D:10)
  Blork the orc (D:4)
  6 giant frogs
  A scorpion (D:9)
  A wyvern skeleton (D:10)
  A troll skeleton (D:11)
  Dowan (Orc:1)
  An electric eel (D:10)
  A jelly (D:7)
  5 lava snakes (Lair:6)
  8 orc priests
  3 crimson imps
  2 goliath beetles (D:10)
  2 centaur skeletons (D:11)
  2 centaur zombies
  10 hounds
  A giant frog skeleton (D:7)
  2 iguanas
  6 orc wizards
  3 worker ants
  12 sheep
  An ogre skeleton (D:11)
  A worker ant zombie (D:9)
  6 adders
  11 river rats
  A shadow imp (D:11)
  2 giant mites
  A worm (D:2)
  4 giant geckos
  57 orcs
  2 bats (D:9)
  4 hobgoblins
  3 jackals (D:6)
  5 kobolds
  4 quokkas
  A giant gecko zombie (D:9)
  2 giant newts
  16 goblins
  2 rats
  A fungus (Lair:2)
  4 plants
403 creatures vanquished.

Vanquished Creatures (collateral kills)
  An orc warlord (D:11)
  A merfolk impaler (Shoals:1)
  A merfolk avatar (Shoals:5)
  A harpy (Shoals:5)
  A manticore (Shoals:5)
  A drowned soul (Shoals:5)
  A neqoxec (Shoals:5)
  A water moccasin (Lair:6)
  2 giant frogs (Lair:6)
  A sheep (Lair:6)
  A white imp (Shoals:5)
12 creatures vanquished.

Vanquished Creatures (others)
  A vault warden (Vaults:3)
  4 drowned souls (Shoals:5)
  A vault sentinel (Vaults:3)
  3 smoke demons (Shoals:5)
  An orange demon (D:11)
  2 neqoxecs (Shoals:5)
  A chimera (Vaults:3)
  An orc priest (D:7)
  2 sheep (Lair:6)
  2 orcs (D:7)
  2 quokkas
  A fungus (Lair:5)
  3 plants
24 creatures vanquished.

Grand Total: 439 creatures vanquished

Notes
Turn   | Place    | Note
--------------------------------------------------------------
     0 | D:1      | Charly, the Deep Dwarf Gladiator, began the quest for the Orb.
     0 | D:1      | Reached XP level 1. HP: 19/19 MP: 1/1
    37 | D:2      | Found a white marble altar of Elyvilon.
    84 | D:2      | Reached skill level 4 in Axes
    84 | D:2      | Reached XP level 2. HP: 26/26 MP: 2/2
    94 | D:3      | Found Gozag's Platinum Reserve.
    94 | D:3      | Found an opulent altar of Gozag.
   107 | D:3      | Reached XP level 3. HP: 29/32 MP: 3/3
   129 | D:4      | Noticed Blork the orc
   139 | D:4      | Killed Blork the orc
   139 | D:4      | Reached skill level 5 in Axes
   139 | D:4      | Reached XP level 4. HP: 30/39 MP: 4/4
   211 | D:3      | Reached skill level 6 in Axes
   238 | D:3      | Reached XP level 5. HP: 39/45 MP: 5/5
   301 | D:5      | Entered Level 5 of the Dungeon
   357 | D:6      | Reached skill level 7 in Axes
   374 | D:6      | Noticed an orc warrior
   407 | D:6      | Killed an orc warrior
   407 | D:6      | Reached XP level 6. HP: 34/52 MP: 4/4
   420 | D:6      | 11/6
   434 | D:6      | Found a snail-covered altar of Cheibriados.
   443 | D:8      | Noticed a water moccasin
   454 | D:8      | Killed a water moccasin
   454 | D:8      | Reached skill level 8 in Axes
   454 | D:8      | Reached skill level 1 in Armour
   500 | D:7      | Noticed a hungry ghost
   503 | D:7      | Noticed Pikel
   523 | D:7      | Reached XP level 7. HP: 22/58 MP: 5/5
   554 | D:7      | Killed Pikel
   554 | D:7      | Reached skill level 9 in Axes
   586 | D:7      | Killed a hungry ghost
   586 | D:7      | Reached skill level 10 in Axes
   586 | D:7      | Reached XP level 8. HP: 25/66 MP: 4/4
   645 | D:7      | 13/8
   657 | D:7      | Found a flagged portal.
   699 | Bailey   | Entered a bailey
   897 | Bailey   | Noticed an orc knight
  1006 | Bailey   | Reached skill level 5 in Armour
  1041 | Bailey   | Noticed an orc knight
  1068 | Bailey   | Killed an orc knight
  1068 | Bailey   | Reached skill level 11 in Axes
  1068 | Bailey   | Gained mutation: You passively map the area around you. [level up]
  1068 | Bailey   | Reached XP level 9. HP: 36/76 MP: 4/4
  1105 | D:7      | 20/2
  1143 | D:6      | Found a blossoming altar of Fedhas.
  1183 | D:8      | Found a burning altar of Makhleb.
  1208 | D:8      | Became a worshipper of Makhleb the Destroyer
  1267 | D:10     | Entered Level 10 of the Dungeon
  1288 | D:9      | Found Thuph's Antique Armour Emporium.
  1392 | D:9      | 21/2
  1529 | D:9      | Acquired Makhleb's first power
  1542 | D:9      | Found a burning altar of Makhleb.
  1544 | D:9      | Noticed a griffon
  1562 | D:9      | Killed a griffon
  1562 | D:9      | Reached skill level 5 in Fighting
  1562 | D:9      | Reached skill level 12 in Axes
  1576 | D:9      | Gained mutation: You have an increased reservoir of magic (+10% MP). [mutagenic meat]
  1577 | D:9      | Gained mutation: You have large cloven feet. [mutagenic meat]
  1596 | D:9      | Noticed a cyclops
  1613 | D:9      | Killed a cyclops
  1613 | D:9      | Reached XP level 10. HP: 25/89 MP: 5/5
  1626 | D:9      | Gained mutation: You are weak. (Str -2) [mutagenic meat]
  1627 | D:9      | Gained mutation: Your spells are a little easier to cast, but a little less powerful. [mutagenic meat]
  1628 | D:9      | Noticed a skeletal warrior
  1659 | D:9      | Killed a skeletal warrior
  1682 | D:9      | Noticed a wizard
  1690 | D:9      | Killed a wizard
  1699 | D:9      | Identified the Papyrus of Cold and Stones (You found it on level 9 of the Dungeon)
  1771 | D:9      | Found a staircase to the Orcish Mines.
  1780 | Orc:1    | Entered Level 1 of the Orcish Mines
  1780 | Orc:1    | Noticed Duvessa
  1789 | Orc:1    | Acquired Makhleb's second power
  1790 | Orc:1    | Noticed Dowan
  1802 | Orc:1    | Killed Duvessa
  1802 | Orc:1    | Killed Dowan
  1857 | Orc:1    | Reached skill level 13 in Axes
  1889 | Orc:1    | Found a frozen archway.
  1900 | IceCv    | Entered an ice cave
  1964 | IceCv    | Acquired Makhleb's third power
  1971 | IceCv    | Reached skill level 1 in Invocations
  1995 | IceCv    | Reached XP level 11. HP: 39/98 MP: 4/6
  2032 | IceCv    | Reached skill level 10 in Armour
  2055 | IceCv    | 23/2
  2106 | IceCv    | Noticed a frost giant
  2183 | IceCv    | Killed a frost giant
  2183 | IceCv    | Reached skill level 14 in Axes
  2194 | IceCv    | Acquired Makhleb's fourth power
  2216 | IceCv    | Identified the Papyrus of Feathery Combat Magic (You found it in an ice cave)
  2237 | Orc:1    | 24/6
  2239 | Orc:1    | Identified a scroll of acquirement
  2534 | D:11     | Noticed an orc warlord
  2534 | D:11     | Noticed a fire dragon
  2557 | D:11     | Killed an orc warlord
  2701 | D:11     | Killed a fire dragon
  2701 | D:11     | Reached XP level 12. HP: 60/107 MP: 13/13
  2702 | D:11     | 24/7
  2741 | D:11     | Reached skill level 15 in Axes
  2768 | D:11     | Found a runed door.
  2768 | D:11     | Noticed an unseen horror
  2780 | D:11     | Killed an unseen horror
  2849 | D:11     | Acquired Makhleb's fifth power
  2924 | D:10     | Noticed a white ugly thing
  2937 | D:11     | Noticed a fire crab
  2946 | D:11     | Killed a fire crab
  3000 | D:10     | Found a staircase to the Lair.
  3001 | D:10     | Noticed an elephant
  3016 | D:10     | Killed an elephant
  3038 | Lair:1   | Entered Level 1 of the Lair of Beasts
  3039 | Lair:1   | -0.6
  3351 | Lair:6   | Reached skill level 1 in Evocations
  3363 | Lair:8   | Entered Level 8 of the Lair of Beasts
  3548 | Lair:5   | Reached skill level 16 in Axes
  3558 | Lair:5   | Noticed a seven-headed hydra
  3558 | Lair:5   | Noticed a four-headed hydra
  3572 | Lair:5   | Killed a three-headed hydra
  3572 | Lair:5   | Killed a one-headed hydra
  3604 | Lair:5   | Found a staircase to the Shoals.
  3619 | Shoals:1 | Entered Level 1 of the Shoals
  3630 | Shoals:1 | Noticed a merfolk impaler
  3646 | Shoals:1 | Killed a merfolk impaler
  3646 | Shoals:1 | Reached skill level 5 in Evocations
  3682 | Shoals:1 | 25/7
  3682 | Shoals:1 | +0.5
  3692 | Shoals:1 | Noticed Donald
  3699 | Shoals:1 | Killed Donald
  3699 | Shoals:1 | Reached XP level 13. HP: 114/114 MP: 14/14
  3840 | Shoals:5 | Entered Level 5 of the Shoals
  3883 | Shoals:5 | Reached skill level 17 in Axes
  4122 | Shoals:5 | Reached skill level 5 in Dodging
  4141 | Shoals:5 | Got a barnacled rune of Zot
  4142 | Shoals:5 | +0.7
  4227 | Shoals:5 | Noticed Ilsuiw
  4305 | Shoals:1 | Noticed a merfolk impaler
  4313 | Shoals:1 | Killed a merfolk impaler
  4573 | D:10     | Noticed an obsidian statue
  4656 | D:14     | Found Pnaptuas' Jewellery Emporium.
  4665 | D:14     | Reached skill level 18 in Axes
  4681 | D:14     | Bought a +5 ring of protection for 825 gold pieces
  4683 | D:14     | 31/7
  4708 | D:15     | Entered Level 15 of the Dungeon
  4793 | D:14     | Gained mutation: You resist negative energy. [level up]
  4793 | D:14     | Reached XP level 14. HP: 118/124 MP: 11/11
  4814 | D:14     | Found a gate to the Vaults.
  4819 | Vaults:1 | Entered Level 1 of the Vaults
  4820 | Vaults:1 | +1.4
  5033 | Vaults:3 | Noticed a frost giant
  5033 | Vaults:3 | Noticed a vault warden
  5040 | Vaults:3 | Killed a frost giant
  5060 | Vaults:3 | Learned a level 1 spell: Apportation
  5063 | Vaults:3 | Learned a level 2 spell: Blink
  5068 | Vaults:3 | Learned a level 4 spell: Passage of Golubria
  5106 | Vaults:3 | Reached skill level 19 in Axes
  5125 | Vaults:3 | Noticed a vault warden
  5136 | Vaults:3 | Killed a vault warden
  5175 | Vaults:3 | Noticed a fire giant
  5178 | Vaults:3 | Noticed a sphinx
  5189 | Vaults:3 | Killed a fire giant
  5192 | Vaults:3 | Reached skill level 20 in Axes
  5197 | Vaults:3 | Killed a sphinx
  5205 | Vaults:3 | 31/7
  5214 | Vaults:3 | Noticed a vault warden
  5226 | Vaults:3 | Noticed Nikola
  5240 | Vaults:3 | Killed a vault warden
  5318 | Vaults:2 | Noticed Sapher's ghost (powerful DDGl)
  5382 | Vaults:3 | Slain by a stone giant simulacrum

Action                   |  1- 3 |  4- 6 |  7- 9 | 10-12 | 13-15 || total
-------------------------+-------+-------+-------+-------+-------++-------
Melee: War axe           |    34 |   138 |   233 |   305 |       ||   710
       Battleaxe         |       |       |       |   297 |   326 ||   623
       Executioner's axe |       |       |       |     9 |    34 ||    43
 Fire: Blowgun           |       |       |    29 |       |       ||    29
Throw: Throwing net      |     6 |     1 |       |       |     1 ||     8
Invok: Lesser Servant of |       |       |       |     6 |     9 ||    15
       Minor Destruction |       |       |       |       |     3 ||     3
 Abil: Device Recharging |       |     2 |     3 |     4 |     7 ||    16
       Evoke Berserk Rag |       |       |       |     2 |     6 ||     8
Evoke: Wand              |       |    11 |    19 |    30 |    47 ||   107
       Rod               |       |       |       |       |     3 ||     3
       Deck              |       |       |       |       |     1 ||     1
       Box of beasts     |       |       |       |       |     1 ||     1
  Use: Scroll            |     3 |     1 |    10 |    14 |    13 ||    41
       Potion            |       |       |     1 |     2 |     6 ||     9
 Stab: Distracted        |       |       |       |     2 |     3 ||     5
       Paralysed         |       |       |       |     7 |     6 ||    13
  Eat: Bread ration      |       |       |     1 |       |       ||     1
       Beef jerky        |       |       |     1 |     1 |       ||     2
       Chunk             |       |       |     2 |     6 |       ||     8
       Fruit             |       |       |       |     3 |     6 ||     9
       Royal jelly       |       |       |       |     3 |     1 ||     4
       Pizza             |       |       |       |       |     1 ||     1
       Meat ration       |       |       |       |       |     1 ||     1
